 Dungeon Crawl Stone Soup version 0.27-a0-1144-g0b7d3b79db (webtiles) character file.

Game seed: 8619171858054892473

679 bilbop the Covered (level 7, -1/63 HPs)
             Began as a Minotaur Fighter on May 11, 2021.
             Slain by a lemure (4 damage)
             ... led by Pikel
             ... on level 5 of the Dungeon.
             The game lasted 00:18:32 (4020 turns).

bilbop the Covered (Minotaur Fighter)               Turns: 4020, Time: 00:18:33

Health: -1/63      AC: 10    Str: 20    XL:     7   Next: 34%
Magic:  6/6        EV:  6    Int:  6    God:
Gold:   176        SH: 10    Dex: 11    Spells: 6/6 levels left

rFire    . . .     SeeInvis .   a - +0 long sword
rCold    . . .     Faith    .   c - +0 kite shield
rNeg     . . .     Spirit   .   m - +0 chain mail
rPois    .         Reflect  .   (helmet restricted)
rElec    .         Harm     .   (no cloak)
rCorr    +         Rampage  .   (no gloves)
Will     .....                  (no boots)
Stlth    ..........             (no amulet)
HPRegen  0.20/turn              h - ring of resist corrosion
MPRegen  0.10/turn              (no ring)

@: no status effects
A: horns 2, retaliatory headbutt
a: no special abilities


You were on level 5 of the Dungeon.
You visited 1 branch of the dungeon, and saw 5 of its levels.

You collected 198 gold pieces.
You spent 22 gold pieces at shops.

Inventory:

Hand Weapons
 a - a +0 long sword (weapon)
 j - a +3 dagger
Missiles
 q - a throwing net (quivered)
Armour
 c - a +0 kite shield (worn)
 m - a +0 chain mail (worn)
Jewellery
 h - a ring of resist corrosion (left hand)
Wands
 l - a wand of digging (1)
Scrolls
 b - a scroll of enchant armour {unknown}
 e - 3 scrolls of fog
 o - a scroll of blinking
 p - 2 scrolls of fear
Potions
 d - a potion of might
 f - a potion of mutation {unknown}
 g - a potion of brilliance {unknown}
 i - a potion of berserk rage {unknown}
 k - 2 potions of curing
 n - a potion of haste {unknown}
 r - a potion of cancellation {unknown}


   Skills:
 + Level 6.0 Fighting
 + Level 5.3 Long Blades
 + Level 6.0 Armour
 + Level 6.0 Shields


You had 6 spell levels left.
You didn't know any spells.
Your spell library contained the following spells:

 Spells                   Type           Power      Damage    Failure   Level
 Magic Dart               Conj           0%         1d3       100%        1
 Searing Ray              Conj           0%         3d3       100%        2
 Dazzling Flash           Conj/Hex       0%         N/A       100%        3
 Fulminant Prism          Conj/Hex       0%         3d6       100%        4
 Iskenderun's Mystic Bla  Conj/Tloc      0%         2d3       100%        4


Dungeon Overview and Level Annotations

Branches:
Dungeon (5/15)
 Temple: D:4-7

Altars:
Dithmenos
Gozag
Zin

Shops:
D:4 ?*

Annotations:
D:3 3 runed translucent doors, ccddss's ghost, amateur HuCj
D:5 Pikel


Innate Abilities, Weirdness & Mutations

You have a pair of horns on your head.
You reflexively headbutt those who attack you in melee.


Message History

You are electrocuted!
You miss Pikel.
Pikel is moderately wounded.
The lemure hits you but does no damage. You block the lemure's attack.
The lemure hits you. Pikel barely misses you.
The lemure hits you but does no damage. x2
You barely miss Pikel.
Pikel is moderately wounded.
You block Pikel's attack. You block the lemure's attack.
The lemure hits you but does no damage. x2; You block the lemure's attack.
The lemure hits you. The lemure hits you but does no damage.
Pikel hits you but does no damage.
You are electrocuted!
You closely miss Pikel. Your headbutt misses Pikel.
Pikel is moderately wounded.
The lemure hits you. You block the lemure's attack.
The lemure hits you but does no damage. x2; Pikel hits you but does no damage.
You are electrocuted!
* * * LOW HITPOINT WARNING * * *
The lemure hits you.
* * * LOW HITPOINT WARNING * * *
You hit Pikel but do no damage. You headbutt Pikel.
Pikel is heavily wounded.
The lemure hits you but does no damage. You block the lemure's attack.
The lemure hits you but does no damage. You block Pikel's attack.
The lemure barely misses you. The lemure hits you.
* * * LOW HITPOINT WARNING * * *
You slash Pikel! Your headbutt misses Pikel.
Pikel is severely wounded.
You block Pikel's attack.
The lemure hits you but does no damage. x2
The lemure hits you.
* * * LOW HITPOINT WARNING * * *
The lemure hits you but does no damage. The lemure hits you.
* * * LOW HITPOINT WARNING * * *
The lemure hits you but does no damage.
Pikel hits you with a +2 whip of electrocution.
* * * LOW HITPOINT WARNING * * *
You hit Pikel but do no damage. Your headbutt misses Pikel.
Pikel is severely wounded.
You block the lemure's attack. x2; The lemure hits you.
You die...

#.# #....# #....### ##.##
#...#####.....# #...#
#...#.##......### #...#
#......#.#......##
##..###........#.......#
##....#...#...........##
#........####.........#
#.....#..###..55.....##
####..##......K@....##
##......##.....55.....#
..)....................#
..#..).........#..##....#
..#.##..≈≈.≈≈......#......
O..###..≈#+#≈............≈
.####...≈# #≈............
. .....≈# #≈.........# .
......≈≈ ≈≈..........


You could see Pikel and 4 lemures.

Vanquished Creatures
  2 necrophages (D:4)
  An ogre (D:5)
  2 scorpions (D:4)
  2 hounds
  3 adders
  10 gnolls
  An ufetubus (D:4)
  An adder skeleton (D:4)
  4 worms
  2 dart slugs
  3 orcs
  5 ball pythons
  5 endoplasms
  7 giant cockroaches
  8 goblins
  10 hobgoblins
  8 jackals
  6 quokkas
  4 bats
  2 frilled lizards (D:1)
  6 kobolds
  6 rats
98 creatures vanquished.

Notes
Turn   | Place    | Note
-------+----------+-------------------------------------------
     0 | D:1      | bilbop the Minotaur Fighter began the quest for the Orb.
     0 | D:1      | Reached XP level 1. HP: 19/19 MP: 0/0
   228 | D:1      | Reached XP level 2. HP: 27/27 MP: 1/1
   591 | D:1      | Reached XP level 3. HP: 33/33 MP: 2/2
  1426 | D:2      | Reached XP level 4. HP: 21/41 MP: 3/3
  2268 | D:3      | Reached XP level 5. HP: 46/47 MP: 4/4
  2336 | D:3      | Found a faded altar of an unknown god.
  2386 | D:3      | Found a runed translucent gate.
  2386 | D:3      | Found a runed translucent gate.
  2386 | D:3      | Found a runed translucent gate.
  2386 | D:3      | Noticed ccddss's ghost (amateur HuCj)
  2395 | D:3      | Found an opulent altar of Gozag.
  2564 | D:3      | Found a glowing silver altar of Zin.
  2947 | D:4      | Found Lalen's Lightly-Used Armoury.
  2975 | D:4      | Reached skill level 5 in Fighting
  2975 | D:4      | Reached skill level 5 in Armour
  2975 | D:4      | Reached skill level 5 in Shields
  3026 | D:4      | Noticed a necrophage
  3040 | D:4      | Killed a necrophage
  3041 | D:4      | Reached XP level 6. HP: 45/56 MP: 5/5
  3173 | D:4      | Found a shadowy altar of Dithmenos.
  3481 | D:4      | Found Xihyvam's Magic Scroll Emporium.
  3489 | D:4      | Bought a scroll of identify for 22 gold pieces
  3591 | D:4      | Reached skill level 5 in Long Blades
  3591 | D:4      | Reached XP level 7. HP: 58/62 MP: 6/6
  3886 | D:5      | Entered Level 5 of the Dungeon
  3989 | D:5      | Noticed Pikel
  4019 | D:5      | HP: 3/63 [Pikel/+2 whip of electrocution (5)]
  4020 | D:5      | Slain by a lemure

Illustrated notes

Levels and vault maps discovered:
D:1:      dpeg_arrival_radiant, layout_basic
D:2:      layout_loops_ring, minmay_goblin_outpost
D:3:      layout_basic, pdpol_temple_overflow_zin_treasury_gozag_greed,
          ebering_ghost_rock_garden,
          hellmonk_ecumenical_altar_pennies_from_heaven, serial_bayou_pond_c,
          minmay_splitting_lines
D:4:      layout_rooms, nicolae_dithmenos_shadow_blocks,
          cheibrodos_sewer_entry_bend, serial_shops, shop_statue,
          minmay_shop_damaged, chequers_serial_rivers_micro_c
D:5:      cheibrodos_fertilizer, layout_cave_pools, kennysheep_mini_moat,
          kennysheep_boxes, uniq_menkaure, uniq_pikel

Skill      XL: |  1  2  3  4  5  6  7 |
---------------+----------------------+-----
Armour         | 4 5 6 |  6.0
Shields        | 4 5 6 |  6.0
Fighting       | 4 5 6 |  6.0
Long Blades    | 3 4 5 |  5.3

Action                   |  1- 3 |  4- 6 |  7- 9 || total
-------------------------+-------+-------+-------++-------
Melee: Long sword        |    73 |   156 |    39 ||   268
       Headbutt          |     8 |    30 |     7 ||    45
  Use: Scroll            |       |     5 |       ||     5
Armor: Scale mail        |    40 |     9 |       ||    49
       Chain mail        |       |    50 |    28 ||    78
Dodge: Dodged            |    30 |    47 |     4 ||    81
Block: Kite shield       |    41 |    98 |    24 ||   163
       Rpst.: Long sword |     7 |    13 |       ||    20

Table legend: (Time is in decaauts)
 A = Elapsed time spent in this place.
 B = Non-inter-level travel time spent in this place.
 C = Inter-level travel time spent in this place.
 D = Time resting spent in this place.
 E = Time spent auto-exploring this place.
 F = Levels seen in this place.
 G = Mean time per level.
                   A        B        C        D        E       F      G
               +--------+--------+--------+--------+--------+-----+--------+
         Total |   4142 |   3824 |    318 |    604 |   2493 |   5 |  828.4 |
       Dungeon |   4142 |   3824 |    318 |    604 |   2493 |   5 |  828.4 |
               +--------+--------+--------+--------+--------+-----+--------+

Top non-repeatable levels by time:
     D:2: 1190 daAuts
     D:1: 1057 daAuts
     D:4: 972 daAuts
     D:3: 782 daAuts
     D:5: 140 daAuts
